 Dungeon Crawl Stone Soup version 0.30-a0-940-ge5077277c9 (webtiles) character file.

Game seed: 5361023207698127692

10520 Conn the Arsonist (level 11, -7/64 HPs)
             Began as an Octopode Fire Elementalist on Mar 26, 2023.
             Was a Priest of Sif Muna.
             Mangled by a centaur warrior
             ... wielding a +0 falchion
              (12 damage)
             ... on level 10 of the Dungeon.
             The game lasted 00:37:29 (11171 turns).

Conn the Arsonist (Octopode Fire Elementalist)     Turns: 11171, Time: 00:37:29

Health: -7/64      AC:  1    Str: 14    XL:     11   Next: 63%
Magic:  0/23       EV: 16    Int: 21    God:    Sif Muna [***...]
Gold:   470        SH:  0    Dex: 25    Spells: 10/26 levels left

rFire   + . .      SeeInvis .    K - staff of fire
rCold   . . .      Faith    .    (no shield)
rNeg    + . .      Spirit   +    (helmet restricted)
rPois   .          Reflect  .    i - amulet of guardian spirit
rElec   .          Rampage  .    k - ring "Daobying" {rF- rC+ rN+ Dex+6}
rCorr   .                        n - ring of fire
Will    .....                    y - +6 ring of dexterity
Stlth   ++++                     H - +6 ring of strength
HPRegen 0.30/turn                (no ring)
MPRegen 0.18/turn                (no ring)
                                 (no ring)
                                 (no ring)

@: studying Maces & Flails
A: almost no armour, amphibious, 8 rings, camouflage 1, gelatinous body 1,
(nimble swimmer 1), tentacles
a: Renounce Religion, Channel Magic, Forget Spell


You were on level 10 of the Dungeon.
You worshipped Sif Muna.
Sif Muna was most pleased with you.
You visited 2 branches of the dungeon, and saw 11 of its levels.

You collected 540 gold pieces.
You spent 70 gold pieces at shops.

Inventory:

Hand Weapons
 b - a +0 short sword
 w - a +4 short sword of flaming
 I - the +4 dagger "Atifosm" {flame, rPois Stlth+}
   (You found it on level 5 of the Dungeon)

   rPois:     It protects you from poison.
   Stlth:     It makes you more stealthy.
Missiles
 z - 8 curare-tipped darts (quivered)
Magical Staves
 o - a staff of poison
 F - a staff of cold
 K - a staff of fire (weapon)
Jewellery
 i - an amulet of guardian spirit (around mantle)
 k - the ring "Daobying" (left tentacle) {rF- rC+ rN+ Dex+6}
   (You found it on level 2 of the Dungeon)

   [ring of dexterity]

   Dex:       It affects your dexterity (+6).
   rF:        It makes you vulnerable to fire.
   rC:        It protects you from cold.
   rN:        It protects you from negative energy.
 n - a ring of fire (right tentacle)
 y - a +6 ring of dexterity (on tentacle)
 H - a +6 ring of strength (on tentacle)
 O - an amulet of regeneration
Wands
 c - a wand of charming (9)
 C - a wand of mindburst (6)
 L - a wand of roots (22)
 Q - a wand of light (4)
Scrolls
 e - 6 scrolls of teleportation
 l - a scroll of immolation
 s - a scroll of poison
 u - 5 scrolls of amnesia {unknown}
 v - 2 scrolls of silence {unknown}
 A - 4 scrolls of magic mapping {unknown}
 D - 2 scrolls of fog
 E - 2 scrolls of enchant armour {unknown}
 J - a scroll of fear
 N - 3 scrolls of blinking {unknown}
Potions
 a - a potion of magic
 d - 5 potions of curing
 f - a potion of ambrosia {unknown}
 g - 2 potions of resistance {unknown}
 h - 4 potions of flight {unknown}
 j - a potion of degeneration {unknown}
 m - 7 potions of heal wounds {unknown}
 p - 3 potions of haste {unknown}
 q - a potion of lignification {unknown}
 r - 4 potions of attraction {unknown}
 t - 4 potions of might {unknown}
 x - 3 potions of brilliance {unknown}
 B - 3 potions of cancellation {unknown}
 M - a potion of mutation {unknown}


   Skills:
 + Level 2.1 Fighting
 + Level 0.6(1.7) Polearms
 + Level 2.4(2.5) Staves
 + Level 0.4 Throwing
 + Level 3.9 Dodging
 - Level 4.2 Stealth
 - Level 8.2 Spellcasting
 + Level 6.2 Conjurations
 + Level 3.2 Translocations
 * Level 11.8 Fire Magic
 * Level 6.7 Invocations


You had 10 spell levels left.
You knew the following spells:

 Your Spells              Type           Power      Damage    Failure   Level
a - Foxfire               Conj/Fire      100%       2x1d9     1%          1
b - Blink                 Tloc           44%        N/A       3%          2
c - Inner Flame           Hex/Fire       66%        N/A       1%          3
d - Flame Wave            Conj/Fire      81%        2d18      1%          4
e - Scorch                Fire           100%       2d10      1%          2
f - Sticky Flame          Conj/Fire      81%        2d9       1%          4

Your spell library contained the following spells:

 Spells                   Type           Power      Damage    Failure   Level
 Momentum Strike          Conj/Tloc      56%        3d9       1%          2
 Lesser Beckoning         Tloc           44%        N/A       3%          2
 Kindle Blastsparks       Fire/Tloc/Air  100%       2d18      3%          3
 Ignite Poison            Fire/Tmut/Pois 54%        N/A       4%          3
 Ice Form                 Ice/Tmut       8%         N/A       61%         4
 Petrify                  Tmut/Erth      8%         N/A       61%         4
 Metabolic Englaciation   Hex/Ice        4%         N/A       91%         5
 Ignition                 Fire           46%        3d13      99%         8
 Statue Form              Tmut/Erth      5%         N/A       100%        6


Dungeon Overview and Level Annotations

Branches:
Dungeon (10/15)            Temple (1/1) D:4            Lair (0/5) D:10
    Orc: D:9-12

Altars:
Cheibriados
Elyvilon
Fedhas
Gozag
Hepliaklqana
Makhleb
Nemelex Xobeh
Ru
Sif Muna
Trog
Uskayaw
Xom
Yredelemnul
Zin
The Shining One

Shops:
D:5 =   D:7 *   D:8 =

Annotations:
D:5 1 transporter, zx48k's ghost, novice GnFi
D:8 exclusions: ice statue and orange crystal statue
D:10 Gastronok


Innate Abilities, Weirdness & Mutations

You cannot wear most types of armour.
You are amphibious.
You can wear up to eight rings at the same time.
Your skin changes colour to match your surroundings (Stealth+).
Your rubbery body absorbs attacks. (AC +1, EV +1)
((You are camouflaged when in or above water. (Stealth+)))
You have tentacles for arms and can constrict up to eight enemies at once.


Message History

You destroy the vampire mosquito!
Sif Muna accepts your kill.
The flame wave engulfs the centaur warrior!
The centaur warrior is moderately wounded.
The centaur warrior unwields a +0 falchion.
The centaur warrior wields a +0 shortbow.
The centaur warrior shoots an arrow.
The arrow hits you!
Unknown command.
A wave of flame ripples out!
The flame wave engulfs the centaur warrior!!
The centaur warrior is severely wounded.
The flame wave engulfs the troll!!
The troll is heavily wounded.
You finish channelling waves of flame.
The centaur warrior unwields a +0 shortbow.
The centaur warrior wields a +0 falchion.
The centaur warrior hits you with a +0 falchion!
The centaur warrior kicks you.
Casting: Flame Wave (dangerous; 1% risk of failure)
Confirm with . or Enter, or press ? or * to list all spells.
Okay, then.
You feel better.
The centaur warrior hits you with a +0 falchion!
The centaur warrior barely misses you.
Casting: Flame Wave (dangerous; 1% risk of failure)
Confirm with . or Enter, or press ? or * to list all spells.
Aiming: Sticky Flame (dangerous; 1% risk of failure)
Press: ? - help, Shift-Dir - straight line, f - centaur warrior
Aim: a centaur warrior, wielding a +0 falchion and quivering stones (severely wounded)
You feel a strong surge of power!
The sticky flame hits the centaur warrior!
The centaur warrior is almost dead.
The centaur warrior is covered in liquid flames!
The centaur warrior burns!
The centaur warrior hits you with a +0 falchion!!
* * * LOW HITPOINT WARNING * * *
The centaur warrior kicks you.
* * * LOW HITPOINT WARNING * * *
The centaur warrior hits you with a +0 falchion!
You die...

####'#### #.......#
#.⌠...⌠.#
###[.⌠....###
##.†D..⌠...'.##
#§.#....⌠..#..#
#.T#.⌠...⌠.#..#
#☼c#.......#[)#
##@#########'## ##
#...##8##...# ##.
##..+...'.)## ##..
#.#8.8#.#.###..P
##8.8######)... ###
#8†8# #.....
.....##'######.##..
#...........###.
######.###### ##


You could see a centaur warrior (burning) and a troll.

Vanquished Creatures
  A hydra (D:10)
  3 two-headed ogres
  An orc knight (D:10)
  A manticore (D:10)
  An elephant (D:10)
  Joseph (D:7)
  3 trolls (D:10)
  A centaur simulacrum (D:10)
  A vampire (D:7)
  6 yaks
  2 steam dragons (D:7)
  2 basilisks (D:10)
  Grum (D:8)
  2 vampire mosquitoes (D:10)
  3 water moccasins
  3 orc warriors
  4 wolves (D:8)
  2 centaurs
  2 ogres
  2 kobold brigands
  2 phantoms
  3 bullfrogs
  4 scorpions
  5 wights (D:9)
  17 killer bees
  2 howler monkeys
  An iron imp (D:7)
  6 hounds
  A jelly (D:5)
  Crazy Yiuf (D:7)
  2 gnoll boudas
  4 orc priests
  A sleepcap (D:7)
  An iguana (D:6)
  9 orc wizards
  9 adders
  2 gnolls (D:1)
  A shadow imp (D:7)
  5 white imps
  2 ufetubi (D:7)
  2 worms (D:2)
  3 dart slugs
  23 orcs
  5 ball pythons
  7 endoplasms
  6 giant cockroaches
  10 goblins
  5 hobgoblins
  6 jackals (D:5)
  A quokka (D:1)
  5 bats
  2 frilled lizards
  13 kobolds
  4 rats
212 creatures vanquished.

Vanquished Creatures (others)
  An endoplasm (D:2)
  2 demonic plants (D:7)
  532 foxfires
  2 fungi (D:7)
  2 plants (D:7)
539 creatures vanquished.

Grand Total: 751 creatures vanquished

Notes
Turn   | Place    | Note
-------+----------+-------------------------------------------
     0 | D:1      | Conn the Octopode Fire Elementalist began the quest for the
                  | Orb.
     0 | D:1      | Reached XP level 1. HP: 11/11 MP: 3/3
   119 | D:1      | Reached XP level 2. HP: 17/17 MP: 1/5
   180 | D:1      | Learned a level 2 spell: Scorch
   374 | D:1      | Reached XP level 3. HP: 21/21 MP: 3/6
   516 | D:1      | You fall into a shaft and drop 1 floor!
   855 | D:2      | Reached skill level 4 in Fire Magic
   966 | D:2      | Reached XP level 4. HP: 23/27 MP: 5/7
  1064 | D:2      | Identified the ring "Daobying" {rF- rC+ rN+ Dex+6}
  1240 | D:2      | Identified the +3 chain mail of Undesirable Species {+Blink
                  | rN+}
  1742 | D:1      | Learned a level 3 spell: Inner Flame
  2090 | D:3      | Reached XP level 5. HP: 31/31 MP: 2/9
  2198 | D:3      | Found an opulent altar of Gozag.
  2648 | D:3      | Learned a level 4 spell: Flame Wave
  2898 | D:4      | Found a white marble altar of Elyvilon.
  3031 | D:4      | Reached XP level 6. HP: 29/36 MP: 5/11
  3090 | D:4      | Got the Verses on the Iron Iceberg
  3100 | D:4      | Found a staircase to the Ecumenical Temple.
  3109 | Temple   | Entered the Ecumenical Temple
  3122 | Temple   | Became a worshipper of Sif Muna the Loreminder
  3732 | D:4      | Reached skill level 1 in Invocations
  3788 | D:4      | Found a basalt altar of Yredelemnul.
  3859 | D:5      | Entered Level 5 of the Dungeon
  3859 | D:5      | Found a burning altar of Makhleb.
  3870 | D:5      | Found Jaohijeq's Jewellery Boutique.
  3892 | D:5      | Reached skill level 1 in Staves
  3988 | D:5      | Reached XP level 7. HP: 38/42 MP: 5/13
  4120 | D:5      | Reached skill level 5 in Fire Magic
  4291 | D:5      | Found a transporter.
  4292 | D:5      | Noticed zx48k's ghost (novice GnFi)
  4305 | D:5      | Identified the +4 dagger "Atifosm" {flame, rPois Stlth+}
  4420 | D:5      | Reached skill level 5 in Spellcasting
  4533 | D:5      | Found a shimmering altar of Xom.
  5141 | D:6      | Reached XP level 8. HP: 47/47 MP: 4/16
  5157 | D:6      | Reached * piety under Sif Muna
  5773 | D:6      | Learned a level 2 spell: Blink
  6324 | D:7      | Found a blossoming altar of Fedhas.
  6339 | D:7      | Reached skill level 1 in Translocations
  6541 | D:7      | Found a bloodstained altar of Trog.
  6556 | D:7      | Found a snail-covered altar of Cheibriados.
  6573 | D:7      | Reached XP level 9. HP: 46/52 MP: 13/18
  6624 | D:7      | Noticed Joseph
  6633 | D:7      | Killed Joseph
  6634 | D:7      | Reached skill level 5 in Conjurations
  6634 | D:7      | Reached skill level 6 in Fire Magic
  6817 | D:7      | Found Yhoniwko's Assorted Antiques.
  6826 | D:7      | Bought a smoky yellow potion for 17 gold pieces
  6826 | D:7      | Bought a fuming blue potion for 17 gold pieces
  6826 | D:7      | Bought a lumpy cyan potion for 17 gold pieces
  6826 | D:7      | Bought a scroll labelled RAEGOR GIVIL for 19 gold pieces
  6826 | D:7      | Found a sparkling altar of Nemelex Xobeh.
  6837 | D:7      | Learned a level 4 spell: Sticky Flame
  6860 | D:7      | Reached skill level 1 in Fighting
  7082 | D:7      | Noticed a two-headed ogre
  7089 | D:7      | Killed a two-headed ogre
  7486 | D:7      | Found a runed translucent door.
  7487 | D:7      | Noticed Crazy Yiuf
  7493 | D:7      | Killed Crazy Yiuf
  7696 | D:8      | Noticed an ice statue
  7784 | D:8      | Reached XP level 10. HP: 58/58 MP: 10/22
  7871 | D:8      | Noticed Grum
  7876 | D:8      | Killed Grum
  7877 | D:8      | Reached skill level 7 in Fire Magic
  7877 | D:8      | Reached skill level 5 in Invocations
  8027 | D:8      | Reached ** piety under Sif Muna
  8033 | D:8      | Found Somumik's Jewellery Boutique.
  8389 | D:8      | Noticed an orange crystal statue
  8414 | D:9      | Reached skill level 8 in Fire Magic
  8529 | D:8      | Found a large runed translucent door.
  8529 | D:8      | Found a large runed translucent door.
  8548 | D:8      | Found a hide-covered altar of Uskayaw.
  8559 | D:8      | Found a hazy altar of Hepliaklqana.
  8957 | D:9      | Noticed a two-headed ogre
  8962 | D:9      | Killed a two-headed ogre
  8963 | D:9      | Reached skill level 9 in Fire Magic
  9247 | D:9      | Found a sacrificial altar of Ru.
  9471 | D:9      | Reached *** piety under Sif Muna
  9594 | D:9      | Found a glowing golden altar of the Shining One.
 10125 | D:10     | Entered Level 10 of the Dungeon
 10133 | D:10     | Noticed an elephant
 10144 | D:10     | Reached skill level 10 in Fire Magic
 10144 | D:10     | Reached XP level 11. HP: 63/63 MP: 16/23
 10436 | D:10     | Noticed a two-headed ogre
 10445 | D:10     | Killed a two-headed ogre
 10501 | D:10     | Noticed Gastronok
 10751 | D:10     | Found a staircase to the Lair.
 10780 | D:10     | Reached skill level 11 in Fire Magic
 11131 | D:10     | Noticed a manticore
 11134 | D:10     | Killed a manticore
 11154 | D:10     | Noticed an orc knight
 11155 | D:10     | Noticed a five-headed hydra
 11158 | D:10     | Noticed a purple ugly thing
 11162 | D:10     | Noticed a centaur warrior
 11165 | D:10     | Killed an orc knight
 11168 | D:10     | Killed a five-headed hydra
 11171 | D:10     | Mangled by a centaur warrior

Illustrated notes

Levels and vault maps discovered:
D:1:      reono_arrival_mine, layout_basic
D:2:      layout_basic
D:3:      layout_rooms, nicolae_gozag_seed_capital, minmay_pentomino_pile
D:4:      nicolae_cairo_tiling_large, layout_basic, kennysheep_ying_yang,
          temple_hall, st_stairs_10, minmay_fractal_squares_diagonal_5
D:5:      layout_cave_pools, mainiacjoe_overflow_alcove_4, bloody_makhleb,
          gammafunk_ghost_smash, serial_shops, shop
D:6:      minmay_general_purpose_star, layout_gridville, serial_park_tiny_pond
D:7:      layout_loops_ring, nicolae_overflow_hidden_temple, slow_altar_1,
          kennysheep_mini_moat, nemelex_xobeh_ov_fountains_minmay,
          serial_demonic, serial_demonic_d, serial_demonic_f, serial_demonic_c,
          serial_demonic_d, serial_demonic_c, serial_demonic_e, serial_shops,
          nicolae_shop_overgrown_old_shop, minmay_small_thing,
          uniq_crazy_yiuf_cottage, uniq_joseph
D:8:      minmay_separated_statues, layout_basic, jmf_multi_god_temple2,
          serial_shops, shop, uniq_grum
D:9:      layout_loops_ring, mainiacjoe_overflow_small_starburst,
          lemuel_round_altar, kennysheep_generic_room_11
D:10:     minmay_chambers_of_sevens, layout_basic, ashenzari_altar_1,
          tgw_kikubaaqudgha, kennysheep_mini, david_lair_generic, serial_ice,
          serial_ice_e, serial_ice_b, serial_ice_g, serial_ice_m, serial_ice_o,
          serial_ice_l, kennysheep_generic_room_6, uniq_gastronok
Temple:   nicolae_temple_superstar

Skill      XL: |  1  2  3  4  5  6  7  8  9 10 11 |
---------------+----------------------------------+-----
Stealth        | 3 4 |  4.2
Fire Magic     | 4 5 6 10 11 | 11.8
Spellcasting   | 3 4 5 6 8 |  8.2
Conjurations   | 2 3 4 5 6 |  6.2
Invocations    | 1 2 3 4 6 |  6.7
Staves         | 1 2 |  2.4
Translocations | 1 3 |  3.2
Fighting       | 1 2 |  2.1
Dodging        | 3 |  3.9
Polearms       | |  0.6
Throwing       | |  0.4

Action                     |  1- 3 |  4- 6 |  7- 9 | 10-12 || total
---------------------------+-------+-------+-------+-------++-------
  Melee: Short sword       |     2 |       |       |       ||     2
         Tentacles         |     3 |     5 |     8 |     5 ||    21
         Spear             |    21 |    11 |       |       ||    32
         Constrict         |     6 |     8 |     4 |     6 ||    24
         Staff             |       |    17 |    18 |    17 ||    52
         Punch             |       |       |       |     1 ||     1
  Throw: Dart              |       |       |     2 |     1 ||     3
   Cast: Foxfire           |    34 |    69 |   116 |    91 ||   310
         Scorch            |       |    14 |    36 |    55 ||   105
         Inner Flame       |       |     3 |    12 |    12 ||    27
         Sticky Flame      |       |       |     1 |     3 ||     4
         Flame Wave        |       |       |       |    14 ||    14
 Invoke: Channel Magic     |       |       |       |     1 ||     1
    Use: Scroll            |       |       |     9 |     2 ||    11
         Potion            |       |       |       |     1 ||     1
   Stab: Sleeping          |     3 |     8 |       |     1 ||    12
 Armour: Skin              |     2 |       |       |     8 ||    10
  Dodge: Dodged            |     7 |    34 |    28 |    62 ||   131

Table legend: (Time is in decaauts)
 A = Elapsed time spent in this place.
 B = Non-inter-level travel time spent in this place.
 C = Inter-level travel time spent in this place.
 D = Time resting spent in this place.
 E = Time spent auto-exploring this place.
 F = Levels seen in this place.
 G = Mean time per level.
                   A        B        C        D        E       F      G
               +--------+--------+--------+--------+--------+-----+--------+
         Total |  11178 |  10856 |    322 |    958 |   7175 |  11 | 1016.2 |
       Dungeon |  11151 |  10842 |    309 |    958 |   7175 |  10 | 1115.1 |
        Temple |     26 |     13 |     13 |      0 |      0 |   1 |   26.0 |
               +--------+--------+--------+--------+--------+-----+--------+

Top non-repeatable levels by time:
     D:7: 1510 daAuts
     D:8: 1421 daAuts
     D:4: 1375 daAuts
     D:6: 1343 daAuts
     D:9: 1066 daAuts
    D:10: 1046 daAuts
     D:2: 1013 daAuts
     D:1: 974 daAuts
     D:5: 725 daAuts
     D:3: 675 daAuts
  Temple: 26 daAuts
